 Dungeon Crawl Stone Soup version 0.23.0-3-gf3c87f2 (webtiles) character file.

Game seed: 4088778809334326674

43 Lanoc the Chopper (level 3, 0/18 HPs)
             Began as a Vine Stalker Gladiator on Feb 22, 2019.
             Was a Plaything of Xom.
             Succumbed to an adder's poison
             ... on level 2 of the Dungeon.
             The game lasted 00:01:33 (472 turns).

Lanoc the Chopper (Vine Stalker Gladiator)           Turns: 472, Time: 00:01:33

Health: 0/18       AC:  4    Str: 16    XL:     3   Next: 58%
Magic:  0/4        EV: 18    Int:  8    God:    Xom [..*...]
Gold:   12         SH:  0    Dex: 21    Spells: 2/2 levels left

rFire    . . .     SeeInvis .   a - +0 war axe
rCold    . . .     Gourm    .   (no shield)
rNeg     . . .     Faith    .   b - +0 leather armour
rPois    .         Spirit   +   c - +0 helmet
rElec    .         Reflect  .   (no cloak)
rCorr    .         Harm     .   (no gloves)
MR       .....                  (no boots)
Stlth    +++.......             (no amulet)
HPRegen  0.06/turn              (no ring)
MPRegen  0.09/turn              (no ring)

@: agile, lethally poisoned (0 -> -1), hasted, very quick
A: fangs 2, magic shield, antimagic bite, no potion heal 3, rot immunity
a: Renounce Religion


You were on level 2 of the Dungeon.
You worshipped Xom.
You were a toy of Xom.
You were not hungry.

You visited 1 branch of the dungeon, and saw 2 of its levels.

You collected 12 gold pieces.

Inventory:

Hand Weapons
 a - a +0 war axe (weapon)
Missiles
 d - 3 throwing nets (quivered)
Armour
 b - a +0 leather armour (worn)
 c - a +0 helmet (worn)
Scrolls
 e - a scroll of enchant weapon {unknown}
 h - 2 scrolls of teleportation {unknown}
 l - a scroll of remove curse {unknown}
 n - a scroll of identify {unknown}
Potions
 g - a potion of agility
 k - a potion of heal wounds {unknown}
 m - a potion of curing {unknown}
Comestibles
 f - 4 rations
 i - 3 chunks of flesh


   Skills:
 + Level 2.2 Fighting
 * Level 3.3 Axes
 - Level 1.7 Throwing
 + Level 0.9 Armour
 + Level 2.7 Dodging


You had 2 spell levels left.
You didn't know any spells.
Your spell library was empty.

Dungeon Overview and Level Annotations

Branches:
Dungeon (2/15)

Altars:
Xom


Innate Abilities, Weirdness & Mutations

You have extremely sharp teeth.
When hurt, damage is shared between your health and your magic reserves.
Your bite disrupts and absorbs the magic of your enemies.
Potions cannot restore your health.
You are immune to rotting.


Message History

You barely miss the adder. You bite the adder. You drain its power.
The adder is heavily wounded.
The adder barely misses you. The adder bites you.
* * * LOW HITPOINT WARNING * * *
You hit the adder. You bite the adder, but do no damage.
The adder is severely wounded.
* * * LOW HITPOINT WARNING * * *
You feel sick. The adder bites you.
* * * LOW HITPOINT WARNING * * *
The adder barely misses you.
You hit the adder.
You kill the adder!
You closely miss the hobgoblin.
The hobgoblin hits you but does no damage.
It was a potion of agility.
You feel agile all of a sudden. The hobgoblin barely misses you.
It was a potion of haste.
You feel yourself speed up.
You die...
Xom is highly amused!

....## ..... ....
... . ##.. ..
###..###...
#.).g....#..
#..@†....... ######
#..(......# #....#
#.........# #
#....###.........#.#
#......(.....P..8...
#....###............
#..............8.##
#######.......8.(...
##.†......####
#.....


You could see a hobgoblin.

Vanquished Creatures
  2 adders (D:2)
  An ooze (D:1)
  A worm (D:2)
  A bat zombie (D:2)
  3 goblins
  2 hobgoblins
  3 frilled lizards
  3 kobolds
  4 rats
20 creatures vanquished.

Notes
Turn   | Place    | Note
-------+----------+-------------------------------------------
     0 | D:1      | Lanoc the Vine Stalker Gladiator began the quest for the
                  | Orb.
     0 | D:1      | Reached XP level 1. HP: 11/11 MP: 2/2
   229 | D:1      | Reached XP level 2. HP: 12/15 MP: 1/3
   353 | D:2      | Found a faded altar of an unknown god.
   360 | D:2      | Reached skill level 3 in Axes
   379 | D:2      | Became a worshipper of Xom the Fickle
   462 | D:2      | Reached XP level 3. HP: 8/18 MP: 2/4
   472 | D:2      | Succumbed to an adder's poison

Skill      XL: |  1  2 |
---------------+-------+-----
Fighting       | 2 |  2.2
Axes           | 3 |  3.3
Throwing       | |  1.7
Armour         | |  0.9
Dodging        | |  2.7

Action                   || total
-------------------------++-------
Melee: War axe           ||    43
       Bite              ||     8
  Use: Potion            ||     2
Armor: Leather armour    ||    18
Dodge: Dodged            ||    34
